 Dungeon Crawl Stone Soup version 0.32-a0-938-g40ac7a0f4d (webtiles) character file.

Game seed: 10471287451842092382

9 zazu2006 the Nimble (level 2, 20/20 HPs)
             Began as a Gnoll Wanderer on Apr 15, 2024.
             Quit the game on level 1 of the Dungeon.
             The game lasted 00:01:06 (374 turns).

zazu2006 the Nimble (Gnoll Wanderer)                 Turns: 374, Time: 00:01:06

Health: 20/20      AC:  3    Str: 18    XL:     2   Next: 16%
Magic:  5/5        EV: 13    Int: 12    God:
Gold:   39         SH:  0    Dex:  9    Spells: 5/6 levels left

rFire   . . .        a - +2 dagger
rCold   . . .        (no shield)
rNeg    . . .        e - +0 robe
rPois   .            (no helmet)
rElec   .            (no cloak)
rCorr   .            c - +0 pair of gloves
SInv    .            (no boots)
Will    .....        (no amulet)
Stlth   +            g - +6 ring of strength
HPRegen 0.23/turn    (no ring)
MPRegen 0.09/turn

%: no passive effects
@: no status effects
A: fangs 1, strong nose, distributed training
a: no special abilities


You were on level 1 of the Dungeon.
You visited 1 branch of the dungeon, and saw 1 of its levels.

You collected 39 gold pieces.

Inventory:

Hand Weapons
 a - a +2 dagger (weapon)
Missiles
 b - 3 curare-tipped darts (quivered)
Armour
 c - a +0 pair of gloves (worn)
 e - a +0 robe (worn)
Jewellery
 g - a +6 ring of strength (left hand)
Scrolls
 d - a scroll of fear
 f - a scroll of vulnerability {unknown}
 h - a scroll of identify {unknown}
 i - a scroll of blinking {unknown}


   Skills:
 + Level 0.3 Fighting
 + Level 0.3 Short Blades
 + Level 0.3 Long Blades
 + Level 0.3 Axes
 + Level 0.3 Maces & Flails
 + Level 0.3 Polearms
 + Level 0.3 Staves
 + Level 0.3 Ranged Weapons
 + Level 4.4 Throwing
 + Level 0.3 Armour
 + Level 8.4 Dodging
 + Level 0.3 Stealth
 + Level 0.3 Shields
 + Level 0.3 Unarmed Combat
 + Level 2.7 Spellcasting
 + Level 0.2 Conjurations
 + Level 5.3 Hexes
 + Level 0.2 Summonings
 + Level 0.2 Necromancy
 + Level 0.2 Translocations
 + Level 0.2 Fire Magic
 + Level 0.2 Ice Magic
 + Level 0.2 Air Magic
 + Level 0.2 Earth Magic
 + Level 0.2 Alchemy
 + Level 0.4 Invocations
 + Level 0.3 Evocations
 + Level 0.2 Shapeshifting


You had 5 spell levels left.
You knew the following spells:

 Your Spells              Type           Power      Damage    Failure   Level
a - Slow                  Hex            56%        N/A       2%          1

Your spell library contained the following spells:

 Spells                   Type           Power      Damage    Failure   Level
 Dazzling Flash           Conj/Hex       16%        N/A       24%         3


Dungeon Overview and Level Annotations

Branches:
Dungeon (1/15)

Altars:


Innate Abilities, Weirdness & Mutations

You have very sharp teeth.
Your uncanny sense of smell can sniff out nearby items.
Your experience applies equally to all skills.


Message History

Press: ? - help, Shift-Dir - straight line, f/p - jackal
Aim: a jackal (slow, chance to affect: 65%)
The jackal struggles to resist.
The jackal misses you.
You barely miss the jackal. The jackal barely misses you.
You closely miss the jackal. The jackal barely misses you.
You barely miss the jackal. The jackal closely misses you.
You completely miss the jackal. The jackal bites you.
* * * LOW HITPOINT WARNING * * *
You barely miss the jackal. The jackal closely misses you.
You closely miss the jackal. The jackal closely misses you.
You aren't carrying any potions.
You hit the jackal but do no damage. You bite the jackal, but do no damage.
You hit the jackal.
The jackal is heavily wounded.
The jackal bites you but does no damage.
You closely miss the jackal.
The jackal is heavily wounded.
The jackal bites you but does no damage.
Throw: 4 darts (curare)
Press: ? - help, Q - select action, (/) - cycle Shift-Dir - straight line, f/p - jackal
Aim: a jackal (heavily wounded, slow, 43% to hit)
You throw a curare-tipped dart.
The curare-tipped dart closely misses the jackal.
The jackal misses you.
Throw: 3 darts (curare)
Press: ? - help, Q - select action, (/) - cycle Shift-Dir - straight line, f/p - jackal
Aim: a jackal (heavily wounded, slow, 43% to hit)
You throw a curare-tipped dart. The curare-tipped dart hits the jackal.
The jackal is poisoned.
The jackal struggles to breathe.
You kill the jackal!
b - 3 curare-tipped darts (gained 1)
You see here a quokka corpse.
HP restored.
You open the door.
Found 7 stones.
There is an open door here.
i - a scroll labelled YRGHOH CYNWI A bat comes into view.
Are you sure you want to abandon this character and quit the game? (Confirm with "yes".)

.# .# ∆ .[b.+..
.# ...#.## ##
..#.. #.#.#
##.#.## ..... ###
#(#.####......
###
###@#...........
...
#...#.####...#
.###.#
#...'..†.....#
......
##...#.####......
##.##.
#....#...........
....#
#....#....#.####.
.##...
#....#)...# ..#
#.##....#....#
#...#
#.##.####....#.##


You could see a bat (asleep).

Vanquished Creatures
  A giant cockroach (D:1)
  2 goblins (D:1)
  2 jackals (D:1)
  A quokka (D:1)
  A frilled lizard (D:1)
  A rat (D:1)
8 creatures vanquished.

Notes
Turn   | Place    | Note
-------+----------+-------------------------------------------
     0 | D:1      | zazu2006 the Gnoll Wanderer began the quest for the Orb.
     0 | D:1      | zazu2006 set off with the following items: a +2 dagger, 4
                  | curare-tipped darts, a +0 pair of gloves, a scroll of fear,
                  | a +0 robe; and the following spell memorised: Slow; and the
                  | following spells available to memorise: Dazzling Flash.
     0 | D:1      | Reached XP level 1. HP: 13/13 MP: 4/4
    95 | D:1      | Found a faded altar of an unknown god.
   259 | D:1      | Reached XP level 2. HP: 6/19 MP: 5/5
   374 | D:1      | Quit the game

Illustrated notes

Levels and vault maps discovered:
D:1:      ebering_hopf_link, layout_basic, shapermc_ecumenical_altar_hornbeckon,
          nicolae_concentric_dashed_squares_wild

Action                     || total
---------------------------++-------
  Melee: Dagger            ||    54
         Bite              ||     4
  Throw: Dart              ||     2
   Cast: Slow              ||     6
 Armour: Robe              ||    18
  Dodge: Dodged            ||    36

Table legend: (Time is in decaauts)
 A = Elapsed time spent in this place.
 B = Non-inter-level travel time spent in this place.
 C = Inter-level travel time spent in this place.
 D = Time resting spent in this place.
 E = Time spent auto-exploring this place.
 F = Levels seen in this place.
 G = Mean time per level.
                   A        B        C        D        E       F      G
               +--------+--------+--------+--------+--------+-----+--------+
         Total |    377 |    377 |      0 |      0 |    267 |   1 |  377.0 |
       Dungeon |    377 |    377 |      0 |      0 |    267 |   1 |  377.0 |
               +--------+--------+--------+--------+--------+-----+--------+

Top non-repeatable levels by time:
     D:1: 377 daAuts
